AoeStats
← pinyouli

Arabia

503836406Analyzed
1v1 RM · 29d ago on Sep 2, 2026· 19m 1s· 2 players
Game mode
Random Map
Map size
Tiny (2 player)
Population
200
Speed
Normal
Resources
Standard
Victory
Conquest
Starting age
Dark Age
Ending age
Imperial Age
RankedLock teamsTeams togetherTeam positionsShared explorationLock speedFull tech treeHidden civsTurbo modeCheats
Victory
Defeat
🇩🇪 Inca · Germany
829
+14
🇹🇼 Huns · Taiwan
792
-36
Jegers
6:21 Loom
12:41 Feudal Age
14:03 Champi Runner
17:28 Arson
17:47 Scale Mail Armor
17:57 Forging
pinyouli
1:30 Loom
11:49 Feudal Age
14:22 Double-Bit Axe
21:13 Castle Age
Connection lost

Rejoining the realm…

Still unreachable

The connection could not be restored.

Session expired

The server has moved on; the page needs a fresh start.